 Dungeon Crawl Stone Soup version 0.22.0-60-ga52c2fc (webtiles) character file.

54 Anon1729 the Chopper (level 3, 0/33 HPs)
             Began as a Naga Gladiator on Sept 9, 2018.
             Slain by a quokka (2 damage)
             ... on level 3 of the Dungeon.
             The game lasted 00:03:21 (2049 turns).

Anon1729 the Chopper (Naga Gladiator)               Turns: 2049, Time: 00:03:22

Health: 0/33       AC:  7    Str: 16    XL:     3   Next: 91%
Magic:  3/3        EV:  3    Int:  9    God:
Gold:   113        SH:  0    Dex: 12    Spells: 2/2 levels left

rFire    . . .     SeeInvis +   s - +0 broad axe
rCold    . . .     Gourm    .   (no shield)
rNeg     . . .     Faith    .   p - +0 plate armour
rPois    +         Spirit   .   c - +0 helmet
rElec    .         Reflect  .   (no cloak)
rCorr    .         Harm     .   (no gloves)
MR       .....                  (no barding)
Stlth    ..........             (no amulet)
HPRegen  0.11/turn              (no ring)
MPRegen  0.08/turn              (no ring)

@: hasted, quick
A: large, see invisible, deformed body, poison resistance, slowness 2, slow
metabolism 1, spit poison 1, AC +1
a: Spit Poison


You were on level 3 of the Dungeon.
You were not hungry.

You visited 1 branch of the dungeon, and saw 3 of its levels.

You collected 113 gold pieces.

Inventory:

Hand Weapons
 a - a +0 war axe
 s - a +0 broad axe (weapon)
Missiles
 d - 3 throwing nets (quivered)
Armour
 b - a +0 leather armour
 c - a +0 helmet (worn)
 p - a +0 plate armour (worn)
Jewellery
 m - an uncursed amulet of the gourmand {unknown}
Wands
 l - a wand of iceblast (6)
Scrolls
 e - 2 scrolls of amnesia {unknown}
 g - 5 scrolls of identify {unknown}
 h - a scroll of magic mapping {unknown}
 i - a scroll of enchant armour {unknown}
 j - 2 scrolls of fear {unknown}
 q - a scroll of teleportation {unknown}
 r - a scroll of blinking {unknown}
 t - a scroll of remove curse {unknown}
Potions
 n - a potion of resistance {unknown}
 u - a potion of flight {unknown}
Comestibles
 f - 4 rations


   Skills:
 + Level 2.4 Fighting
 * Level 3.7 Axes
 - Level 2.0 Throwing
 + Level 0.9 Armour
 + Level 2.7 Dodging


You had 2 spell levels left.
You didn't know any spells.
Your spell library was empty.

Dungeon Overview and Level Annotations

Branches:
Dungeon (3/15)

Altars:
Kikubaaqudgha


Innate Abilities, Weirdness & Mutations

You cannot wear boots.
Your serpentine skin is tough. (AC +1)
You have supernaturally acute eyesight. (SInv)
Armour fits poorly on your strangely shaped body.
Your system is resistant to poisons. (rPois)
You cover ground very slowly.
You have a slow metabolism.
You can spit poison.


Message History

The orc moves out of view. x2
The quokka bites you.
Your plate armour prevents you from hitting the orc.
Your plate armour prevents you from hitting the quokka.
An adder comes into view.
The quokka bites you.
The orc priest invokes the aid of Beogh against you.
Beogh smites you!
A rat comes into view.
Unknown command.
The adder hisses angrily.
The quokka bites you but does no damage.
The quokka bites you.
The quokka bites you but does no damage.
The orc priest invokes the aid of Beogh against you.
Beogh smites you!
* * * LOW HITPOINT WARNING * * *
The quokka bites you but does no damage.
It was a potion of haste.
You feel yourself speed up. The quokka bites you.
You die... ########## #.......#. #.#####.#. #.... #.#....... #.... ###.. #.#))##.## ###.... ..#.# #.#.#...#... ...... #.#.# #.#.#.###### #.... #.#.# #.#.....#..# $oo

#@#.###.###.#.#..#
...###.####r#...#.[...#.#.รท#
....rooo...o........>.#.#...
...###.#.o..............#.##
#..o...#.#....##.###.#
##.....#.####.#....(.#
#.....#.....<....#..#
#.....#.##.#.....#..#
....####.#...#....#..#


You could see 3 orcs and a quokka.

Vanquished Creatures
  An adder (D:3)
  A worm (D:2)
  4 orcs (D:3)
  3 giant cockroaches
  7 hobgoblins
  3 jackals (D:2)
  A kobold (D:2)
  A quokka (D:2)
  3 bats
  6 frilled lizards
  3 goblins
  2 rats (D:1)
35 creatures vanquished.

Notes
Turn   | Place    | Note
-------+----------+-------------------------------------------
     0 | D:1      | Anon1729 the Naga Gladiator began the quest for the Orb.
     0 | D:1      | Reached XP level 1. HP: 19/19 MP: 1/1
   435 | D:1      | Reached XP level 2. HP: 16/26 MP: 2/2
   781 | D:2      | Found an ancient bone altar of Kikubaaqudgha.
   920 | D:2      | Found a faded altar of an unknown god.
  1019 | D:2      | Reached XP level 3. HP: 23/32 MP: 3/3
  2049 | D:3      | Slain by a quokka

Skill      XL: |  1  2 |
---------------+-------+-----
Throwing       | 2 |  2.0
Fighting       | |  2.4
Axes           | |  3.7
Armour         | |  0.9
Dodging        | |  2.7

Action                   || total
-------------------------++-------
Melee: War axe           ||    61
       Broad axe         ||    81
 Abil: Spit Poison       ||     2
  Use: Potion            ||     1
 Stab: Sleeping          ||     1
  Eat: Chunk             ||     3
Armor: Leather armour    ||     7
       Plate armour      ||    90
Dodge: Dodged            ||    44
